 Seeded DCSS version 0.31-a0-339-gda1cbd555d (webtiles) character file.

Game seed: 14215367866634240820 (custom seed)

232 innerfire43 the Chopper (level 5, -3/42 HPs)
             Began as a Demonspawn Monk on July 20, 2023.
             Slain by a black bear (8 damage)
             ... on level 4 of the Dungeon.
             The game lasted 00:03:43 (2734 turns).

innerfire43 the Chopper (Demonspawn Monk)           Turns: 2734, Time: 00:03:43

Health: -3/42      AC:  6    Str: 13    XL:     5   Next: 73%
Magic:  5/5        EV: 13    Int: 14    God:
Gold:   168        SH:  0    Dex: 13    Spells: 4/4 levels left

rFire   . . .        p - +0 war axe
rCold   + + .        d - orb {light}
rNeg    . . .        b - +0 robe
rPois   +            j - +2 helmet
rElec   .            (no cloak)
rCorr   .            (no gloves)
SInv    .            m - +0 pair of boots
Will    +....        (no amulet)
Stlth   +            o - ring of Uschozux {rPois rC++ Will+ Int+3 Dex-3}
HPRegen 0.27/turn    (no ring)
MPRegen 0.09/turn

%: no passive effects
@: glowing
A: demonic guardian 2
a: no special abilities


You were on level 4 of the Dungeon.
You visited 1 branch of the dungeon, and saw 4 of its levels.

You collected 168 gold pieces.

Inventory:

Hand Weapons
 p - a +0 war axe (weapon)
Missiles
 g - 4 silver javelins (quivered)
Armour
 b - a +0 robe (worn)
 d - an orb of light (worn)
 j - a +2 helmet (worn)
 m - a +0 pair of boots (worn)
 n - a +0 leather armour
Jewellery
 o - the ring of Uschozux (left hand) {rPois rC++ Will+ Int+3 Dex-3}
   (You acquired it on level 3 of the Dungeon)

   [ring of poison resistance]

   Int:       It affects your intelligence (+3).
   Dex:       It affects your dexterity (-3).
   rC:        It greatly protects you from cold.
   rPois:     It protects you from poison.
   Will:      It increases your willpower.
Wands
 q - a wand of roots (6)
Scrolls
 c - a scroll of fog {unknown}
 e - a scroll of enchant weapon {unknown}
 i - a scroll of amnesia {unknown}
 k - 4 scrolls of enchant armour {unknown}
 l - a scroll of identify {unknown}
Potions
 a - a potion of berserk rage {unknown}
 f - a potion of curing {unknown}
 h - a potion of ambrosia


   Skills:
 * Level 4.2 Fighting
 * Level 4.6 Axes
 + Level 3.7 Dodging


You had 4 spell levels left.
You didn't know any spells.
Your spell library contained the following spells:

 Spells                   Type           Power      Damage    Failure   Level
 Apportation              Tloc           0%         N/A       28%         1
 Necrotise                Necr           0%         1d4       28%         1
 Sandblast                Erth           0%         2d4       28%         1
 Summon Small Mammal      Summ           0%         N/A       28%         1
 Passwall                 Tmut/Erth      0%         N/A       41%         2
 Gell's Gravitas          Tloc           0%         N/A       65%         3
 Stone Arrow              Conj/Erth      0%         3d7       65%         3
 Teleport Other           Tloc           0%         N/A       65%         3
 Dispersal                Tloc           0%         N/A       100%        6


Dungeon Overview and Level Annotations

Branches:
Dungeon (4/15)
 Temple: D:4-7

Altars:

Shops:
D:4 [


Innate Abilities, Weirdness & Mutations

A demonic guardian rushes to your aid.


Message History

a +0 club; a stone A black bear is nearby!
You slash the black bear!
The black bear is moderately wounded.
The black bear bites you. The black bear barely misses you.
The black bear claws you but does no damage.
You hit the black bear.
The black bear is heavily wounded.
The black bear misses you. x2
The black bear claws you but does no damage.
The black bear completely misses you. The black bear misses you. x2
You slash the black bear!
The black bear is severely wounded.
The black bear goes berserk!
A black bear is nearby!
You barely miss the black bear.
The black bear is severely wounded.
The black bear bites you. The black bear claws you. x2
The black bear bites you! The black bear closely misses you.
The black bear claws you.
You are too injured to fight recklessly!
You are too injured to fight recklessly!
A black bear is nearby!
You are too injured to fight recklessly!
You hit the black bear.
The black bear is almost dead.
The black bear completely misses you.
The black bear claws you but does no damage.
The black bear barely misses you.
The black bear bites you but does no damage.
The black bear misses you. The black bear claws you.
You hit the black bear but do no damage.
The black bear is almost dead.
The black bear bites you but does no damage.
The black bear claws you.
* * * LOW HITPOINT WARNING * * *
The black bear claws you.
* * * LOW HITPOINT WARNING * * *
A demonic guardian appears!
The black bear bites you!
You die...

#. #.## .### #... ... #..##.#
#...>.# .# #)#..###.##
#.#..##...#
##############)#h.##...#####
................@..........#
.###########.###)..........#.
.# #.###4............ .#
#.#............# .#
#.#.#####....### .# #.#.#
#....# .# #.#.# #....# .#
#.#.######.#.# ## #......#
#.#.#####


You could see a black bear (berserk, ally target) and a friendly hellwing
(summoned).

Vanquished Creatures
  An orc priest (D:3)
  Ijyb (D:4)
  4 gnolls (D:2)
  2 adders
  2 worms
  2 dart slugs
  3 orcs (D:3)
  7 ball pythons
  8 endoplasms
  3 giant cockroaches
  9 goblins
  5 hobgoblins
  6 jackals (D:1)
  6 kobolds
  5 quokkas
  5 bats
  5 frilled lizards
  4 rats
78 creatures vanquished.

Vanquished Creatures (collateral kills)
  Terence (D:3)
1 creature vanquished.

Grand Total: 79 creatures vanquished

Notes
Turn   | Place    | Note
-------+----------+-------------------------------------------
     0 | D:1      | innerfire43 the Demonspawn Monk began the quest for the
                  | Orb.
     0 | D:1      | Reached XP level 1. HP: 18/18 MP: 1/1
    58 | D:1      | Gained mutation: A weak demonic guardian rushes to your
                  | aid. [demonic ancestry]
    58 | D:1      | Reached XP level 2. HP: 14/24 MP: 2/2
   469 | D:1      | Reached XP level 3. HP: 27/29 MP: 3/3
  1112 | D:2      | Gained mutation: A demonic guardian rushes to your aid.
                  | [demonic ancestry]
  1112 | D:2      | Reached XP level 4. HP: 35/35 MP: 4/4
  1553 | D:3      | Noticed Terence
  1559 | D:3      | Killed Terence
  1560 | D:3      | Reached XP level 5. HP: 35/42 MP: 5/5
  2246 | D:3      | Identified a scroll of acquirement
  2246 | D:3      | Acquired the ring of Uschozux {rPois rC++ Will+ Int+3
                  | Dex-3}
  2490 | D:4      | Found Junwutirr's Armour Shoppe.
  2562 | D:4      | Noticed Ijyb
  2578 | D:4      | Killed Ijyb
  2725 | D:4      | Noticed a black bear
  2734 | D:4      | Slain by a black bear

Illustrated notes

Levels and vault maps discovered:
D:1:      dpeg_arrival_castle, layout_basic, serial_forest,
          infiniplex_forest_straight_2, infiniplex_forest_straight_3,
          infiniplex_forest_clump_double, infiniplex_forest_lined_1,
          infiniplex_forest_clump_small, infiniplex_forest_straight_2,
          infiniplex_forest_lined_3_way
D:2:      layout_rooms
D:3:      layout_basic, general_overflow_altar, uniq_terence
D:4:      minmay_chambers_of_fours, layout_loops_ring, gup_sewer_entry_pipe,
          serial_shops, shop, uniq_ijyb

Skill      XL: |  1  2  3  4  5 |
---------------+----------------+-----
Axes           | 3 4 |  4.6
Dodging        | 3 |  3.7
Fighting       | 4 |  4.2

Action                     |  1- 3 |  4- 6 || total
---------------------------+-------+-------++-------
  Melee: Hand axe          |    86 |    57 ||   143
         War axe           |       |    58 ||    58
  Throw: Javelin           |     3 |     1 ||     4
    Use: Potion            |     1 |       ||     1
         Scroll            |       |     4 ||     4
 Armour: Robe              |    23 |    44 ||    67
  Dodge: Dodged            |    65 |    80 ||   145

Table legend: (Time is in decaauts)
 A = Elapsed time spent in this place.
 B = Non-inter-level travel time spent in this place.
 C = Inter-level travel time spent in this place.
 D = Time resting spent in this place.
 E = Time spent auto-exploring this place.
 F = Levels seen in this place.
 G = Mean time per level.
                   A        B        C        D        E       F      G
               +--------+--------+--------+--------+--------+-----+--------+
         Total |   2772 |   2715 |     57 |      0 |   2197 |   4 |  693.0 |
       Dungeon |   2772 |   2715 |     57 |      0 |   2197 |   4 |  693.0 |
               +--------+--------+--------+--------+--------+-----+--------+

Top non-repeatable levels by time:
     D:3: 999 daAuts
     D:1: 962 daAuts
     D:2: 512 daAuts
     D:4: 297 daAuts
